[ PARTIDA AOE2 · #473464610 ]
UnrankedTeutones vs Gurjaras
Equipo del jugador · DERR
[ ANÁLISIS DE REPETICIÓN · EXTRAÍDO DE LA PARTIDA GRABADA ]
Feudal
8:26
Castillos
22:23
Imperial
44:22
| APM promedio | 37.4 |
| APM pico | 91 |
| eAPM promedio | 23.7 |
| Aldeanos / militares | 186 / 23 |
Foco
⚔️ 24.9% · 🌾 75.1%
Monk ×21 · Teutonic Knight ×1 · Trebuchet (Packed) ×1
Feudal
11:21
Castillos
15:03
Imperial
38:40
| APM promedio | 32.0 |
| APM pico | 99 |
| eAPM promedio | 19.0 |
| Aldeanos / militares | 178 / 184 |
Foco
⚔️ 28.5% · 🌾 71.5%
Elephant Archer ×154 · Shrivamsha Rider ×12 · Armored Elephant ×10 · Trebuchet (Packed) ×7 · Chakram Thrower ×1
Feudal
11:04
Castillos
14:40
Imperial
39:05
| APM promedio | 80.9 |
| APM pico | 122 |
| eAPM promedio | 39.5 |
| Aldeanos / militares | 311 / 208 |
Foco
⚔️ 36.8% · 🌾 63.2%
Elephant Archer ×179 · Trebuchet (Packed) ×14 · Armored Elephant ×10 · Mangonel ×4 · Skirmisher ×1
Feudal
10:31
Castillos
15:48
Imperial
37:16
| APM promedio | 93.3 |
| APM pico | 215 |
| eAPM promedio | 60.4 |
| Aldeanos / militares | 168 / 139 |
Foco
⚔️ 68.8% · 🌾 31.2%
Conquistador ×96 · Scout Cavalry ×14 · Mangonel ×13 · Bombard Cannon ×10 · Missionary ×4 · Monk ×1
Feudal
11:21
Castillos
14:54
Imperial
32:04
| APM promedio | 43.7 |
| APM pico | 112 |
| eAPM promedio | 19.2 |
| Aldeanos / militares | 135 / 262 |
Foco
⚔️ 38.8% · 🌾 61.2%
Mangudai ×177 · Scout Cavalry ×82 · Monk ×2 · Mangonel ×1
Feudal
9:28
Castillos
14:55
Imperial
29:28
| APM promedio | 75.4 |
| APM pico | 174 |
| eAPM promedio | 44.7 |
| Aldeanos / militares | 233 / 334 |
Foco
⚔️ 39.3% · 🌾 60.7%
Knight ×325 · War Elephant ×4 · Monk ×3 · Trebuchet (Packed) ×2
Feudal
11:17
Castillos
15:21
Imperial
28:38
| APM promedio | 34.8 |
| APM pico | 73 |
| eAPM promedio | 18.0 |
| Aldeanos / militares | 78 / 121 |
Foco
⚔️ 27.4% · 🌾 72.6%
Spearman ×53 · Hand Cannoneer ×45 · Hussite Wagon ×8 · Bombard Cannon ×7 · Petard ×4 · Trebuchet (Packed) ×3
Feudal
—
Castillos
—
Imperial
—
| APM promedio | 57.1 |
| APM pico | 114 |
| eAPM promedio | 34.7 |
| Aldeanos / militares | 158 / 364 |
Foco
⚔️ 50.6% · 🌾 49.4%
Skirmisher ×222 · Composite Bowman ×82 · Militia ×34 · Trebuchet (Packed) ×19 · Warrior Priest ×5 · Mangonel ×2
Mapa de la partida
Recursos iniciales + cada clic de construcción. Líneas = muros · curvas = relieve. ◆ oro · ⬟ piedra · ● bayas · ✦ reliquia · ◌ hueco del cierre
Tu base· ✓ Cerrada en 22:23 · 4t muro · 2 puerta(s)
Base de El Libertador Don Jose· ✓ Cerrada en 15:03 · 0t muro · 2 puerta(s)
Base de Jan the Hakker· ✓ Cerrada en 14:40 · 8t muro · 5 puerta(s)
Base de CesarFight· ✓ Cerrada en 15:48 · 60t muro · 4 puerta(s)
Base de Angus McFife· ✓ Cerrada en 14:54 · 15t muro · 2 puerta(s)
Base de Duka· ✓ Cerrada en 14:55 · 0t muro · 3 puerta(s)
Base de Rumpel the Idle· ✓ Cerrada en 15:21 · 27t muro · 3 puerta(s)
Base de Teutonio· ✓ Cerrada en 11:25 · 1t muro · 4 puerta(s)
Terreno inicial suavizado · ◌ = hueco del cierre detectado · pasá el cursor para detalles
Inputs por minuto
— OS+ | Loki - - El Libertador Don Jose
Build order — OS+ | Loki
Primeras 150 de 396 acciones detectadas
| 0:01 | Crear | Villager (Male) ×4 |
| 0:01 | Crear | Villager (Male) ×4 |
| 0:02 | Construir | House |
| 0:03 | Construir | House |
| 1:29 | Crear | Villager (Male) |
| 1:29 | Crear | Villager (Male) |
| 1:44 | Construir | Lumber Camp |
| 2:01 | Crear | Villager (Male) |
| 2:01 | Crear | Villager (Male) |
| 2:15 | Crear | Villager (Male) |
| 2:15 | Crear | Villager (Male) |
| 2:48 | Crear | Villager (Male) |
| 2:48 | Crear | Villager (Male) |
| 3:09 | Crear | Villager (Male) |
| 3:10 | Crear | Villager (Male) |
| 3:26 | Crear | Villager (Male) |
| 3:26 | Crear | Villager (Male) |
| 3:39 | Crear | Villager (Male) |
| 3:45 | Crear | Villager (Male) |
| 3:45 | Crear | Villager (Male) |
| 3:48 | Construir | House |
| 3:49 | Construir | House |
| 4:32 | Crear | Villager (Male) |
| 4:50 | Crear | Villager (Male) |
| 5:03 | Construir | Mill |
| 5:46 | Investigar | Loom |
| 6:16 | Investigar | Feudal Age |
| 6:16 | Investigar | Feudal Age |
| 6:56 | Construir | Mining Camp |
| 7:34 | Crear | Villager (Male) |
| 8:11 | Crear | Villager (Male) |
| 8:26 | Edad | Edad Feudal |
| 8:27 | Construir | Watch Tower |
| 8:34 | Investigar | Double-Bit Axe |
| 9:14 | Crear | Villager (Male) |
| 9:32 | Crear | Villager (Male) |
| 9:32 | Crear | Villager (Male) |
| 9:45 | Construir | House |
| 10:00 | Crear | Villager (Male) |
| 10:01 | Crear | Villager (Male) |
| 10:26 | Crear | Villager (Male) |
| 10:26 | Crear | Villager (Male) |
| 10:31 | Construir | Watch Tower |
| 10:52 | Crear | Villager (Male) |
| 10:55 | Construir | House |
| 11:27 | Crear | Villager (Male) |
| 11:44 | Crear | Villager (Male) |
| 11:50 | Construir | Blacksmith |
| 12:03 | Crear | Villager (Male) |
| 12:25 | Crear | Villager (Male) |
| 12:30 | Construir | House |
| 12:39 | Investigar | Fletching |
| 12:53 | Crear | Villager (Male) |
| 12:53 | Crear | Villager (Male) |
| 12:54 | Crear | Villager (Male) |
| 13:01 | Crear | Villager (Male) |
| 13:31 | Crear | Villager (Male) |
| 13:35 | Construir | House |
| 13:59 | Construir | Watch Tower |
| 14:08 | Crear | Villager (Male) |
| 14:27 | Crear | Villager (Male) |
| 14:36 | Investigar | Horse Collar |
| 14:36 | Investigar | Horse Collar |
| 14:39 | Construir | Farm |
| 14:40 | Construir | Farm |
| 14:40 | Construir | Farm |
| 14:44 | Construir | Farm |
| 14:52 | Crear | Villager (Male) |
| 14:58 | Crear | Villager (Male) |
| 15:07 | Construir | Farm |
| 15:10 | Construir | Farm |
| 15:14 | Construir | Farm |
| 15:16 | Construir | Farm |
| 15:18 | Crear | Villager (Male) |
| 15:38 | Crear | Villager (Male) |
| 15:49 | Crear | Villager (Male) |
| 15:51 | Construir | Farm |
| 16:06 | Crear | Villager (Male) |
| 16:09 | Construir | Farm |
| 16:28 | Crear | Villager (Male) |
| 16:38 | Construir | Mining Camp |
| 17:01 | Construir | Farm |
| 17:06 | Crear | Villager (Male) |
| 17:32 | Crear | Villager (Male) |
| 17:34 | Construir | Farm |
| 17:35 | Construir | Farm |
| 18:18 | Crear | Villager (Male) |
| 18:31 | Crear | Villager (Male) |
| 18:40 | Construir | Market |
| 18:43 | Construir | Blacksmith |
| 18:53 | Construir | Farm |
| 18:53 | Construir | Farm |
| 18:57 | Construir | Farm |
| 19:06 | Construir | Stone Wall |
| 19:43 | Investigar | Castle Age |
| 20:19 | Construir | Watch Tower |
| 21:00 | Construir | Stone Wall |
| 21:17 | Construir | House |
| 21:54 | Construir | House |
| 22:00 | Construir | Stone Wall |
| 22:03 | Construir | Stone Wall |
| 22:15 | Crear | Villager (Male) |
| 22:23 | Edad | Edad de los Castillos |
| 22:26 | Construir | Monastery |
| 22:27 | Construir | Monastery |
| 22:29 | Crear | Villager (Male) |
| 23:50 | Construir | House |
| 23:52 | Construir | Stone Wall |
| 23:56 | Construir | Stone Wall |
| 24:01 | Construir | Stone Wall |
| 24:29 | Construir | Town Center |
| 25:48 | Construir | Town Center |
| 25:59 | Crear | Villager (Male) |
| 25:59 | Crear | Villager (Male) |
| 26:13 | Crear | Villager (Male) |
| 26:13 | Crear | Villager (Male) |
| 26:13 | Crear | Villager (Male) |
| 26:35 | Construir | Monastery |
| 27:00 | Construir | Monastery |
| 27:04 | Crear | Villager (Male) |
| 27:17 | Crear | Monk |
| 27:23 | Construir | Market |
| 27:25 | Crear | Villager (Male) |
| 27:25 | Crear | Villager (Male) |
| 27:25 | Crear | Villager (Male) |
| 27:51 | Crear | Villager (Male) |
| 27:58 | Construir | Farm |
| 27:59 | Construir | Farm |
| 27:59 | Crear | Villager (Male) |
| 28:01 | Construir | Farm |
| 28:05 | Construir | Farm |
| 28:06 | Construir | Farm |
| 28:18 | Crear | Villager (Male) |
| 28:19 | Crear | Villager (Male) |
| 28:19 | Crear | Villager (Male) |
| 28:31 | Crear | Monk |
| 28:32 | Crear | Monk |
| 28:36 | Crear | Monk |
| 28:37 | Crear | Villager (Male) |
| 28:37 | Crear | Villager (Male) |
| 28:41 | Construir | Farm |
| 28:45 | Construir | Farm |
| 28:47 | Construir | Farm |
| 28:52 | Crear | Monk |
| 28:52 | Crear | Monk |
| 29:05 | Crear | Villager (Male) |
| 29:05 | Crear | Villager (Male) |
| 30:02 | Crear | Monk |
| 30:02 | Crear | Monk |
| 30:36 | Crear | Monk |
Build order — El Libertador Don Jose
Primeras 150 de 466 acciones detectadas
| 0:01 | Crear | Villager (Male) |
| 0:01 | Crear | Villager (Male) |
| 0:01 | Crear | Villager (Male) |
| 0:02 | Crear | Villager (Male) |
| 0:02 | Crear | Villager (Male) |
| 0:03 | Construir | House |
| 0:05 | Construir | House |
| 0:55 | Construir | Mill |
| 1:37 | Crear | Villager (Male) |
| 1:58 | Crear | Villager (Male) |
| 1:58 | Crear | Villager (Male) |
| 1:58 | Crear | Villager (Male) |
| 2:15 | Crear | Villager (Male) |
| 2:35 | Crear | Villager (Male) |
| 2:35 | Crear | Villager (Male) |
| 2:35 | Crear | Villager (Male) |
| 2:42 | Construir | House |
| 2:44 | Construir | House |
| 3:08 | Crear | Villager (Male) |
| 3:08 | Crear | Villager (Male) |
| 3:08 | Crear | Villager (Male) |
| 3:08 | Crear | Villager (Male) |
| 3:35 | Crear | Villager (Male) |
| 3:35 | Crear | Villager (Male) |
| 3:35 | Crear | Villager (Male) |
| 3:35 | Crear | Villager (Male) |
| 4:26 | Crear | Villager (Male) |
| 4:26 | Crear | Villager (Male) |
| 4:26 | Crear | Villager (Male) |
| 4:26 | Crear | Villager (Male) |
| 4:52 | Crear | Villager (Male) |
| 4:52 | Crear | Villager (Male) |
| 5:10 | Crear | Villager (Male) |
| 5:10 | Crear | Villager (Male) |
| 5:13 | Construir | Lumber Camp |
| 5:34 | Crear | Villager (Male) |
| 5:34 | Crear | Villager (Male) |
| 6:23 | Construir | Mill |
| 6:37 | Crear | Villager (Male) |
| 6:37 | Crear | Villager (Male) |
| 7:40 | Investigar | Loom |
| 8:03 | Construir | Mining Camp |
| 8:54 | Investigar | Feudal Age |
| 8:56 | Crear | Villager (Male) |
| 8:56 | Crear | Villager (Male) |
| 8:59 | Construir | Farm |
| 9:01 | Construir | Farm |
| 9:06 | Construir | Farm |
| 10:00 | Construir | House |
| 10:03 | Construir | House |
| 11:21 | Edad | Edad Feudal |
| 11:30 | Construir | Market |
| 11:32 | Investigar | Gold Mining |
| 11:35 | Construir | Blacksmith |
| 12:02 | Construir | Farm |
| 12:23 | Investigar | Castle Age |
| 12:35 | Investigar | Double-Bit Axe |
| 12:56 | Construir | Barracks |
| 13:57 | Construir | Stable |
| 14:06 | Construir | Farm |
| 14:13 | Construir | Farm |
| 15:03 | Edad | Edad de los Castillos |
| 15:06 | Construir | Siege Workshop |
| 15:12 | Construir | House |
| 15:17 | Construir | Palisade Wall |
| 15:19 | Construir | Palisade Wall |
| 15:21 | Construir | Palisade Wall |
| 15:42 | Crear | Villager (Male) |
| 15:43 | Crear | Villager (Male) |
| 15:45 | Crear | Shrivamsha Rider |
| 15:45 | Crear | Shrivamsha Rider |
| 16:09 | Crear | Armored Elephant |
| 16:09 | Crear | Armored Elephant |
| 16:12 | Crear | Shrivamsha Rider |
| 16:15 | Construir | Farm |
| 16:17 | Construir | Farm |
| 16:18 | Construir | Farm |
| 16:18 | Construir | Farm |
| 16:18 | Construir | Farm |
| 16:19 | Construir | Farm |
| 16:23 | Construir | House |
| 16:24 | Construir | House |
| 16:25 | Construir | House |
| 16:32 | Crear | Villager (Male) |
| 16:52 | Construir | Farm |
| 16:54 | Crear | Shrivamsha Rider |
| 17:02 | Crear | Villager (Male) |
| 17:05 | Construir | Farm |
| 17:29 | Crear | Shrivamsha Rider |
| 17:37 | Crear | Villager (Male) |
| 17:58 | Crear | Armored Elephant |
| 18:04 | Crear | Villager (Male) |
| 18:06 | Construir | Farm |
| 18:10 | Construir | Farm |
| 18:14 | Construir | Farm |
| 18:32 | Crear | Villager (Male) |
| 18:33 | Crear | Armored Elephant |
| 19:01 | Construir | Farm |
| 19:05 | Construir | Farm |
| 19:09 | Investigar | Bow Saw |
| 19:13 | Crear | Villager (Male) |
| 19:19 | Construir | House |
| 19:20 | Construir | House |
| 19:21 | Construir | House |
| 19:23 | Construir | House |
| 19:30 | Crear | Villager (Male) |
| 19:52 | Crear | Armored Elephant |
| 19:56 | Crear | Villager (Male) |
| 20:04 | Crear | Shrivamsha Rider |
| 20:23 | Construir | Town Center |
| 20:29 | Crear | Villager (Male) |
| 20:32 | Crear | Armored Elephant |
| 20:51 | Crear | Villager (Male) |
| 21:26 | Crear | Armored Elephant |
| 21:27 | Crear | Villager (Male) |
| 21:27 | Crear | Villager (Male) |
| 21:45 | Crear | Armored Elephant |
| 21:47 | Crear | Shrivamsha Rider |
| 22:08 | Crear | Shrivamsha Rider |
| 22:29 | Crear | Villager (Male) |
| 22:30 | Crear | Villager (Male) |
| 22:30 | Crear | Villager (Male) |
| 22:30 | Crear | Villager (Male) |
| 23:00 | Crear | Villager (Male) |
| 23:02 | Construir | Farm |
| 23:02 | Construir | Farm |
| 23:03 | Construir | Farm |
| 23:03 | Construir | Farm |
| 23:08 | Construir | Farm |
| 23:17 | Construir | Farm |
| 23:18 | Construir | Farm |
| 23:19 | Construir | Farm |
| 23:20 | Crear | Villager (Male) |
| 23:20 | Crear | Villager (Male) |
| 23:35 | Crear | Armored Elephant |
| 23:37 | Crear | Shrivamsha Rider |
| 23:58 | Crear | Villager (Male) |
| 23:59 | Crear | Villager (Male) |
| 23:59 | Crear | Villager (Male) |
| 24:32 | Investigar | Bloodlines |
| 24:34 | Investigar | Scale Barding Armor |
| 24:48 | Construir | Town Center |
| 24:54 | Crear | Villager (Male) |
| 24:54 | Crear | Villager (Male) |
| 24:54 | Crear | Villager (Male) |
| 24:54 | Crear | Villager (Male) |
| 25:02 | Construir | House |
| 25:03 | Construir | House |
| 25:05 | Construir | House |
| 25:06 | Construir | House |
Build order — Jan the Hakker
Primeras 150 de 803 acciones detectadas
| 0:00 | Crear | Villager (Male) |
| 0:01 | Crear | Villager (Male) |
| 0:01 | Crear | Villager (Male) |
| 0:02 | Construir | House |
| 0:03 | Construir | House |
| 0:05 | Crear | Villager (Male) |
| 0:05 | Crear | Villager (Male) |
| 1:36 | Crear | Villager (Male) |
| 1:44 | Construir | Lumber Camp |
| 1:59 | Crear | Villager (Male) |
| 1:59 | Crear | Villager (Male) |
| 2:16 | Crear | Villager (Male) |
| 2:41 | Crear | Villager (Male) |
| 3:20 | Crear | Villager (Male) |
| 3:43 | Construir | Palisade Gate |
| 3:48 | Crear | Villager (Male) |
| 3:48 | Crear | Villager (Male) |
| 3:51 | Construir | Palisade Gate |
| 4:01 | Construir | Palisade Wall |
| 4:03 | Construir | House |
| 4:05 | Construir | Palisade Wall |
| 4:06 | Construir | Palisade Wall |
| 4:09 | Construir | Palisade Wall |
| 4:13 | Construir | Palisade Wall |
| 4:16 | Construir | Palisade Wall |
| 4:21 | Construir | Palisade Wall |
| 4:23 | Construir | Palisade Wall |
| 4:36 | Crear | Villager (Male) |
| 4:42 | Crear | Villager (Male) |
| 4:42 | Crear | Villager (Male) |
| 4:53 | Crear | Villager (Male) |
| 4:53 | Crear | Villager (Male) |
| 4:56 | Construir | Mill |
| 5:25 | Crear | Villager (Male) |
| 5:25 | Crear | Villager (Male) |
| 5:55 | Crear | Villager (Male) |
| 5:55 | Crear | Villager (Male) |
| 6:00 | Construir | House |
| 6:37 | Crear | Villager (Male) |
| 6:37 | Crear | Villager (Male) |
| 7:14 | Crear | Villager (Male) |
| 7:14 | Crear | Villager (Male) |
| 7:14 | Crear | Villager (Male) |
| 7:14 | Crear | Villager (Male) |
| 7:24 | Crear | Villager (Male) |
| 7:24 | Crear | Villager (Male) |
| 7:24 | Crear | Villager (Male) |
| 7:27 | Crear | Villager (Male) |
| 7:27 | Crear | Villager (Male) |
| 7:34 | Crear | Villager (Male) |
| 7:34 | Crear | Villager (Male) |
| 7:47 | Crear | Villager (Male) |
| 7:47 | Crear | Villager (Male) |
| 7:49 | Crear | Villager (Male) |
| 7:50 | Crear | Villager (Male) |
| 7:59 | Crear | Villager (Male) |
| 7:59 | Crear | Villager (Male) |
| 8:09 | Crear | Villager (Male) |
| 8:09 | Crear | Villager (Male) |
| 8:12 | Construir | House |
| 8:44 | Construir | Farm |
| 8:53 | Investigar | Feudal Age |
| 8:54 | Investigar | Feudal Age |
| 9:22 | Construir | Mining Camp |
| 10:24 | Crear | Villager (Male) |
| 10:24 | Crear | Villager (Male) |
| 10:53 | Construir | House |
| 11:04 | Edad | Edad Feudal |
| 11:06 | Construir | Market |
| 11:09 | Construir | Blacksmith |
| 12:00 | Investigar | Castle Age |
| 12:03 | Construir | Lumber Camp |
| 12:40 | Investigar | Horse Collar |
| 12:40 | Investigar | Horse Collar |
| 12:52 | Construir | Farm |
| 12:54 | Construir | Farm |
| 12:55 | Construir | Farm |
| 12:57 | Construir | Farm |
| 12:59 | Construir | Farm |
| 13:20 | Construir | Farm |
| 14:01 | Crear | Villager (Male) |
| 14:04 | Crear | Villager (Male) |
| 14:40 | Edad | Edad de los Castillos |
| 14:44 | Crear | Villager (Male) |
| 14:44 | Crear | Villager (Male) |
| 14:47 | Construir | Town Center |
| 15:00 | Investigar | Double-Bit Axe |
| 15:01 | Investigar | Heavy Plow |
| 15:15 | Construir | Lumber Camp |
| 15:38 | Crear | Villager (Male) |
| 15:39 | Crear | Villager (Male) |
| 15:43 | Construir | Siege Workshop |
| 15:43 | Crear | Villager (Male) |
| 15:43 | Crear | Villager (Male) |
| 16:04 | Construir | Farm |
| 16:06 | Construir | Farm |
| 16:19 | Crear | Armored Elephant |
| 16:19 | Crear | Armored Elephant |
| 16:21 | Crear | Villager (Male) |
| 16:21 | Crear | Villager (Male) |
| 16:21 | Crear | Villager (Male) |
| 16:24 | Construir | Farm |
| 16:25 | Construir | Farm |
| 16:29 | Construir | Farm |
| 16:35 | Construir | House |
| 16:36 | Crear | Villager (Male) |
| 16:36 | Crear | Villager (Male) |
| 16:39 | Construir | House |
| 16:47 | Crear | Villager (Male) |
| 16:47 | Crear | Villager (Male) |
| 16:54 | Construir | Farm |
| 17:05 | Construir | Farm |
| 17:08 | Construir | Farm |
| 17:10 | Crear | Villager (Male) |
| 17:11 | Crear | Villager (Male) |
| 17:19 | Crear | Armored Elephant |
| 17:26 | Construir | Farm |
| 17:28 | Construir | Farm |
| 17:28 | Crear | Villager (Male) |
| 17:28 | Crear | Villager (Male) |
| 17:38 | Construir | Farm |
| 17:41 | Construir | Farm |
| 17:44 | Crear | Villager (Male) |
| 17:44 | Crear | Villager (Male) |
| 17:57 | Crear | Villager (Male) |
| 17:57 | Crear | Villager (Male) |
| 17:59 | Construir | Farm |
| 18:10 | Crear | Villager (Male) |
| 18:10 | Crear | Villager (Male) |
| 18:13 | Construir | Farm |
| 18:25 | Crear | Villager (Male) |
| 18:25 | Crear | Villager (Male) |
| 18:25 | Crear | Villager (Male) |
| 18:26 | Construir | Farm |
| 18:28 | Construir | Farm |
| 18:47 | Crear | Villager (Male) |
| 18:51 | Construir | House |
| 18:53 | Construir | House |
| 18:56 | Crear | Armored Elephant |
| 18:56 | Crear | Armored Elephant |
| 19:00 | Construir | House |
| 19:01 | Construir | House |
| 19:08 | Crear | Villager (Male) |
| 19:09 | Crear | Villager (Male) |
| 19:12 | Construir | Barracks |
| 19:13 | Crear | Villager (Male) |
| 19:13 | Crear | Villager (Male) |
| 19:40 | Crear | Villager (Male) |
| 19:40 | Crear | Villager (Male) |
| 19:43 | Construir | Farm |
Build order — CesarFight
Primeras 150 de 593 acciones detectadas
| 0:00 | Crear | Villager (Male) |
| 0:00 | Crear | Villager (Male) |
| 0:02 | Construir | House |
| 0:04 | Construir | House |
| 0:05 | Construir | House |
| 0:22 | Crear | Villager (Male) |
| 0:23 | Crear | Villager (Male) |
| 1:35 | Crear | Villager (Male) |
| 1:35 | Crear | Villager (Male) |
| 1:42 | Construir | Palisade Wall |
| 1:43 | Construir | Palisade Wall |
| 1:52 | Construir | Palisade Gate |
| 1:55 | Construir | Palisade Wall |
| 1:59 | Crear | Villager (Male) |
| 2:01 | Construir | Palisade Wall |
| 2:03 | Construir | Palisade Wall |
| 2:06 | Construir | Palisade Wall |
| 2:08 | Construir | Palisade Wall |
| 2:11 | Construir | Palisade Wall |
| 2:13 | Construir | Palisade Wall |
| 2:17 | Construir | Palisade Wall |
| 2:21 | Construir | Palisade Wall |
| 2:21 | Construir | Palisade Wall |
| 2:25 | Construir | Palisade Wall |
| 2:27 | Construir | Palisade Wall |
| 2:28 | Construir | Palisade Wall |
| 2:30 | Construir | Palisade Wall |
| 2:31 | Crear | Villager (Male) |
| 2:34 | Construir | Palisade Wall |
| 2:43 | Construir | Palisade Wall |
| 2:43 | Construir | Palisade Wall |
| 2:44 | Construir | Palisade Wall |
| 2:45 | Crear | Villager (Male) |
| 3:13 | Crear | Villager (Male) |
| 3:45 | Crear | Villager (Male) |
| 4:04 | Construir | Lumber Camp |
| 4:06 | Crear | Villager (Male) |
| 4:06 | Crear | Villager (Male) |
| 4:14 | Construir | House |
| 4:26 | Crear | Villager (Male) |
| 5:19 | Crear | Villager (Male) |
| 5:23 | Crear | Villager (Male) |
| 5:51 | Crear | Villager (Male) |
| 6:04 | Crear | Villager (Male) |
| 6:12 | Crear | Villager (Male) |
| 6:29 | Construir | Mill |
| 6:55 | Crear | Villager (Male) |
| 7:25 | Investigar | Loom |
| 7:36 | Construir | Mining Camp |
| 8:03 | Construir | Mining Camp |
| 8:07 | Construir | Mining Camp |
| 8:10 | Investigar | Feudal Age |
| 8:35 | Construir | House |
| 8:40 | Construir | Palisade Wall |
| 8:42 | Construir | Palisade Wall |
| 8:44 | Construir | Palisade Wall |
| 8:50 | Construir | Palisade Wall |
| 8:55 | Construir | Palisade Wall |
| 8:58 | Construir | Palisade Wall |
| 9:34 | Construir | Palisade Wall |
| 9:35 | Construir | House |
| 9:45 | Construir | House |
| 10:01 | Crear | Villager (Male) |
| 10:01 | Crear | Villager (Male) |
| 10:06 | Construir | Palisade Wall |
| 10:08 | Construir | Palisade Wall |
| 10:09 | Construir | Palisade Wall |
| 10:14 | Construir | Palisade Wall |
| 10:31 | Edad | Edad Feudal |
| 10:38 | Construir | Palisade Wall |
| 10:46 | Construir | Market |
| 10:50 | Construir | Palisade Wall |
| 10:50 | Construir | Palisade Wall |
| 10:54 | Construir | Palisade Wall |
| 11:02 | Crear | Villager (Male) |
| 11:07 | Construir | House |
| 11:12 | Construir | Watch Tower |
| 11:25 | Construir | Palisade Wall |
| 11:30 | Crear | Villager (Male) |
| 11:37 | Construir | Palisade Wall |
| 11:54 | Construir | Palisade Wall |
| 12:02 | Crear | Villager (Male) |
| 12:18 | Construir | Blacksmith |
| 12:34 | Crear | Villager (Male) |
| 12:47 | Construir | House |
| 13:09 | Investigar | Castle Age |
| 13:09 | Investigar | Castle Age |
| 13:32 | Construir | Farm |
| 13:34 | Construir | Farm |
| 14:08 | Construir | House |
| 14:16 | Construir | Farm |
| 14:26 | Construir | Watch Tower |
| 14:42 | Investigar | Double-Bit Axe |
| 15:21 | Construir | Farm |
| 15:21 | Crear | Villager (Male) |
| 15:24 | Construir | Farm |
| 15:39 | Construir | Watch Tower |
| 15:48 | Edad | Edad de los Castillos |
| 16:01 | Crear | Villager (Male) |
| 16:11 | Construir | Stone Wall |
| 16:38 | Crear | Villager (Male) |
| 16:39 | Crear | Villager (Male) |
| 16:41 | Construir | Farm |
| 17:03 | Construir | Castle |
| 17:07 | Crear | Villager (Male) |
| 17:27 | Construir | Lumber Camp |
| 17:50 | Construir | Farm |
| 17:51 | Crear | Villager (Male) |
| 18:02 | Construir | Farm |
| 18:14 | Crear | Conquistador |
| 18:15 | Crear | Conquistador |
| 18:20 | Crear | Villager (Male) |
| 18:20 | Crear | Villager (Male) |
| 18:21 | Crear | Villager (Male) |
| 18:23 | Construir | Farm |
| 18:32 | Construir | Farm |
| 18:42 | Crear | Villager (Male) |
| 18:45 | Construir | Stone Wall |
| 18:56 | Construir | Farm |
| 19:01 | Construir | Farm |
| 19:02 | Construir | Farm |
| 19:03 | Construir | Farm |
| 19:07 | Construir | Farm |
| 19:08 | Construir | Farm |
| 19:12 | Crear | Conquistador |
| 19:12 | Crear | Conquistador |
| 19:25 | Construir | Farm |
| 19:36 | Construir | Farm |
| 19:37 | Crear | Villager (Male) |
| 20:02 | Crear | Villager (Male) |
| 20:03 | Crear | Villager (Male) |
| 20:05 | Crear | Conquistador |
| 20:07 | Construir | Farm |
| 20:09 | Construir | Farm |
| 20:20 | Investigar | Horse Collar |
| 20:21 | Investigar | Horse Collar |
| 20:28 | Crear | Conquistador |
| 20:28 | Crear | Conquistador |
| 20:39 | Crear | Villager (Male) |
| 20:54 | Crear | Conquistador |
| 20:54 | Crear | Conquistador |
| 20:57 | Construir | Farm |
| 21:00 | Construir | Farm |
| 21:18 | Crear | Conquistador |
| 21:18 | Crear | Villager (Male) |
| 21:20 | Crear | Villager (Male) |
| 21:33 | Crear | Conquistador |
| 21:35 | Construir | Farm |
| 21:37 | Construir | Farm |
| 21:38 | Construir | Farm |
Build order — Angus McFife
Primeras 150 de 452 acciones detectadas
| 0:01 | Crear | Villager (Male) |
| 0:01 | Crear | Villager (Male) |
| 0:01 | Crear | Villager (Male) |
| 0:02 | Construir | House |
| 0:03 | Construir | House |
| 0:18 | Crear | Villager (Male) |
| 1:23 | Crear | Villager (Male) |
| 2:00 | Crear | Villager (Male) |
| 2:00 | Crear | Villager (Male) |
| 2:17 | Crear | Villager (Male) |
| 2:17 | Crear | Villager (Male) |
| 2:34 | Construir | Lumber Camp |
| 2:42 | Construir | House |
| 2:49 | Crear | Villager (Male) |
| 2:49 | Crear | Villager (Male) |
| 3:04 | Crear | Villager (Male) |
| 3:10 | Construir | Palisade Wall |
| 3:12 | Construir | Palisade Wall |
| 3:14 | Construir | Palisade Wall |
| 3:16 | Construir | Palisade Wall |
| 3:18 | Construir | Palisade Wall |
| 3:21 | Construir | Palisade Wall |
| 3:26 | Construir | Palisade Wall |
| 3:29 | Construir | Palisade Wall |
| 3:35 | Crear | Villager (Male) |
| 3:49 | Crear | Villager (Male) |
| 3:58 | Crear | Villager (Male) |
| 4:17 | Construir | Palisade Wall |
| 4:24 | Crear | Villager (Male) |
| 4:28 | Construir | Palisade Wall |
| 4:30 | Construir | Palisade Wall |
| 4:32 | Construir | Palisade Wall |
| 4:34 | Construir | Palisade Wall |
| 4:36 | Construir | Palisade Wall |
| 4:38 | Construir | Palisade Wall |
| 4:52 | Crear | Villager (Male) |
| 5:06 | Crear | Villager (Male) |
| 5:21 | Crear | Villager (Male) |
| 5:39 | Crear | Villager (Male) |
| 5:44 | Construir | Mill |
| 5:56 | Crear | Villager (Male) |
| 6:00 | Crear | Villager (Male) |
| 6:07 | Construir | House |
| 6:09 | Crear | Villager (Male) |
| 6:24 | Crear | Villager (Male) |
| 7:08 | Crear | Villager (Male) |
| 7:41 | Construir | Mining Camp |
| 8:02 | Construir | House |
| 8:52 | Investigar | Feudal Age |
| 9:17 | Construir | Mining Camp |
| 10:32 | Crear | Villager (Male) |
| 10:33 | Crear | Villager (Male) |
| 11:21 | Edad | Edad Feudal |
| 11:25 | Construir | Market |
| 11:27 | Construir | Blacksmith |
| 12:14 | Investigar | Castle Age |
| 12:19 | Investigar | Double-Bit Axe |
| 12:20 | Investigar | Horse Collar |
| 12:26 | Construir | House |
| 12:28 | Construir | House |
| 13:20 | Construir | Lumber Camp |
| 13:50 | Crear | Villager (Male) |
| 14:34 | Construir | Farm |
| 14:36 | Construir | Farm |
| 14:38 | Construir | Farm |
| 14:40 | Construir | Farm |
| 14:42 | Construir | Farm |
| 14:43 | Crear | Villager (Male) |
| 14:54 | Edad | Edad de los Castillos |
| 15:13 | Construir | Siege Workshop |
| 15:19 | Crear | Villager (Male) |
| 15:38 | Crear | Villager (Male) |
| 15:52 | Construir | Town Center |
| 16:08 | Construir | Monastery |
| 16:29 | Crear | Villager (Male) |
| 16:33 | Construir | Farm |
| 16:59 | Crear | Villager (Male) |
| 17:00 | Crear | Monk |
| 17:04 | Crear | Mangonel |
| 17:14 | Construir | Farm |
| 17:43 | Crear | Villager (Male) |
| 18:01 | Crear | Villager (Male) |
| 18:08 | Crear | Villager (Male) |
| 18:13 | Construir | Town Center |
| 18:16 | Construir | Farm |
| 18:17 | Construir | Farm |
| 18:18 | Construir | Farm |
| 18:20 | Construir | Farm |
| 18:20 | Construir | Farm |
| 18:23 | Construir | Farm |
| 18:23 | Construir | Farm |
| 18:24 | Construir | Farm |
| 18:31 | Construir | Farm |
| 18:35 | Crear | Villager (Male) |
| 18:55 | Crear | Villager (Male) |
| 18:55 | Crear | Villager (Male) |
| 19:06 | Crear | Villager (Male) |
| 19:24 | Crear | Villager (Male) |
| 19:24 | Crear | Villager (Male) |
| 19:36 | Crear | Villager (Male) |
| 19:37 | Crear | Villager (Male) |
| 19:37 | Crear | Villager (Male) |
| 19:45 | Construir | Town Center |
| 19:51 | Construir | House |
| 19:51 | Construir | House |
| 19:52 | Construir | House |
| 19:56 | Crear | Villager (Male) |
| 20:19 | Crear | Villager (Male) |
| 20:20 | Crear | Villager (Male) |
| 20:31 | Crear | Villager (Male) |
| 20:34 | Construir | Farm |
| 20:35 | Construir | Farm |
| 20:35 | Construir | Farm |
| 20:36 | Crear | Villager (Male) |
| 20:36 | Crear | Villager (Male) |
| 20:56 | Crear | Villager (Male) |
| 20:56 | Crear | Villager (Male) |
| 21:03 | Crear | Villager (Male) |
| 21:04 | Construir | Farm |
| 21:05 | Construir | Farm |
| 21:27 | Crear | Villager (Male) |
| 21:27 | Crear | Villager (Male) |
| 21:30 | Crear | Villager (Male) |
| 21:46 | Crear | Villager (Male) |
| 21:46 | Crear | Villager (Male) |
| 21:59 | Crear | Villager (Male) |
| 21:59 | Crear | Villager (Male) |
| 21:59 | Crear | Villager (Male) |
| 22:09 | Construir | House |
| 22:09 | Construir | House |
| 22:10 | Crear | Villager (Male) |
| 22:10 | Crear | Villager (Male) |
| 22:14 | Construir | Farm |
| 22:15 | Construir | Farm |
| 22:16 | Crear | Villager (Male) |
| 22:18 | Construir | Farm |
| 22:23 | Construir | Farm |
| 22:24 | Construir | Farm |
| 22:24 | Crear | Villager (Male) |
| 22:25 | Crear | Villager (Male) |
| 22:25 | Crear | Villager (Male) |
| 22:36 | Crear | Villager (Male) |
| 22:44 | Crear | Villager (Male) |
| 22:44 | Crear | Villager (Male) |
| 22:58 | Crear | Villager (Male) |
| 23:07 | Crear | Monk |
| 23:13 | Crear | Villager (Male) |
| 23:14 | Crear | Villager (Male) |
| 23:15 | Crear | Villager (Male) |
| 23:15 | Crear | Villager (Male) |
Build order — Duka
Primeras 150 de 805 acciones detectadas
| 0:01 | Crear | Villager (Male) |
| 0:01 | Crear | Villager (Male) |
| 0:02 | Crear | Villager (Male) |
| 0:02 | Crear | Villager (Male) |
| 0:04 | Construir | House |
| 0:05 | Construir | House |
| 0:12 | Crear | Villager (Male) |
| 0:12 | Crear | Villager (Male) |
| 1:21 | Crear | Villager (Male) |
| 1:21 | Crear | Villager (Male) |
| 1:21 | Crear | Villager (Male) |
| 1:40 | Construir | Lumber Camp |
| 1:59 | Crear | Villager (Male) |
| 2:04 | Construir | House |
| 2:15 | Crear | Villager (Male) |
| 2:49 | Crear | Villager (Male) |
| 3:07 | Crear | Villager (Male) |
| 3:07 | Crear | Villager (Male) |
| 3:07 | Crear | Villager (Male) |
| 3:07 | Crear | Villager (Male) |
| 4:04 | Crear | Villager (Male) |
| 4:04 | Crear | Villager (Male) |
| 4:04 | Crear | Villager (Male) |
| 4:28 | Crear | Villager (Male) |
| 4:28 | Crear | Villager (Male) |
| 4:53 | Crear | Villager (Male) |
| 4:53 | Crear | Villager (Male) |
| 4:53 | Crear | Villager (Male) |
| 4:56 | Construir | Mill |
| 5:00 | Construir | House |
| 5:05 | Crear | Villager (Male) |
| 5:06 | Crear | Villager (Male) |
| 5:36 | Crear | Villager (Male) |
| 5:36 | Crear | Villager (Male) |
| 5:36 | Crear | Villager (Male) |
| 5:36 | Crear | Villager (Male) |
| 5:36 | Crear | Villager (Male) |
| 5:54 | Crear | Villager (Male) |
| 5:54 | Crear | Villager (Male) |
| 6:32 | Crear | Villager (Male) |
| 6:33 | Crear | Villager (Male) |
| 7:09 | Construir | House |
| 7:22 | Construir | Farm |
| 7:24 | Investigar | Feudal Age |
| 7:30 | Crear | Villager (Male) |
| 8:45 | Crear | Villager (Male) |
| 9:02 | Construir | Mining Camp |
| 9:02 | Construir | Mining Camp |
| 9:07 | Construir | Mining Camp |
| 9:23 | Crear | Villager (Male) |
| 9:23 | Crear | Villager (Male) |
| 9:28 | Edad | Edad Feudal |
| 9:31 | Construir | Blacksmith |
| 9:37 | Construir | Market |
| 9:51 | Crear | Villager (Male) |
| 10:15 | Construir | Farm |
| 10:17 | Crear | Villager (Male) |
| 10:29 | Crear | Villager (Male) |
| 10:36 | Crear | Villager (Male) |
| 10:49 | Construir | Farm |
| 11:09 | Construir | Farm |
| 11:41 | Construir | Farm |
| 12:06 | Crear | Villager (Male) |
| 12:28 | Investigar | Castle Age |
| 12:33 | Construir | House |
| 12:41 | Construir | House |
| 12:46 | Investigar | Double-Bit Axe |
| 13:09 | Construir | House |
| 14:55 | Edad | Edad de los Castillos |
| 14:58 | Construir | Town Center |
| 15:06 | Construir | Town Center |
| 15:12 | Crear | Villager (Male) |
| 15:12 | Crear | Villager (Male) |
| 15:12 | Crear | Villager (Male) |
| 15:13 | Crear | Villager (Male) |
| 15:13 | Crear | Villager (Male) |
| 15:21 | Construir | Farm |
| 15:24 | Construir | Farm |
| 16:06 | Crear | Villager (Male) |
| 16:06 | Crear | Villager (Male) |
| 16:08 | Crear | Villager (Male) |
| 16:09 | Crear | Villager (Male) |
| 16:09 | Crear | Villager (Male) |
| 16:17 | Investigar | Horse Collar |
| 16:23 | Crear | Villager (Male) |
| 16:24 | Crear | Villager (Male) |
| 16:24 | Crear | Villager (Male) |
| 16:24 | Crear | Villager (Male) |
| 16:30 | Construir | Farm |
| 16:49 | Crear | Villager (Male) |
| 16:50 | Crear | Villager (Male) |
| 16:51 | Construir | Farm |
| 16:52 | Construir | Farm |
| 16:59 | Construir | Farm |
| 17:06 | Crear | Villager (Male) |
| 17:06 | Crear | Villager (Male) |
| 17:07 | Crear | Villager (Male) |
| 17:28 | Construir | Farm |
| 17:28 | Construir | Farm |
| 17:28 | Construir | Farm |
| 17:28 | Construir | Farm |
| 17:28 | Construir | Farm |
| 17:29 | Construir | Farm |
| 17:34 | Crear | Villager (Male) |
| 17:34 | Crear | Villager (Male) |
| 17:41 | Crear | Villager (Male) |
| 17:41 | Crear | Villager (Male) |
| 17:49 | Crear | Villager (Male) |
| 17:49 | Crear | Villager (Male) |
| 17:57 | Construir | Farm |
| 18:01 | Construir | Farm |
| 18:05 | Construir | Farm |
| 18:09 | Construir | Farm |
| 18:17 | Crear | Villager (Male) |
| 18:17 | Crear | Villager (Male) |
| 18:31 | Crear | Villager (Male) |
| 18:31 | Crear | Villager (Male) |
| 18:44 | Crear | Villager (Male) |
| 18:44 | Crear | Villager (Male) |
| 18:45 | Crear | Villager (Male) |
| 18:50 | Construir | Farm |
| 18:52 | Construir | Farm |
| 18:52 | Construir | Farm |
| 18:53 | Construir | Farm |
| 18:53 | Construir | Farm |
| 18:53 | Construir | Farm |
| 18:53 | Construir | Farm |
| 18:53 | Construir | Farm |
| 18:53 | Construir | Farm |
| 18:54 | Construir | Farm |
| 18:54 | Construir | Farm |
| 18:54 | Construir | Farm |
| 18:54 | Construir | Farm |
| 18:55 | Crear | Villager (Male) |
| 18:56 | Crear | Villager (Male) |
| 19:00 | Crear | Villager (Male) |
| 19:00 | Crear | Villager (Male) |
| 19:00 | Crear | Villager (Male) |
| 19:13 | Construir | Farm |
| 19:23 | Crear | Villager (Male) |
| 19:24 | Crear | Villager (Male) |
| 19:24 | Crear | Villager (Male) |
| 19:25 | Crear | Villager (Male) |
| 19:29 | Crear | Villager (Male) |
| 19:30 | Crear | Villager (Male) |
| 19:30 | Crear | Villager (Male) |
| 19:35 | Construir | Farm |
| 19:35 | Construir | Farm |
| 19:35 | Construir | Farm |
| 19:36 | Construir | Farm |
Build order — Rumpel the Idle
Primeras 150 de 309 acciones detectadas
| 0:00 | Crear | Villager (Male) |
| 0:01 | Crear | Villager (Male) |
| 0:01 | Crear | Villager (Male) |
| 0:01 | Crear | Villager (Male) |
| 0:02 | Construir | House |
| 0:05 | Construir | House |
| 1:30 | Crear | Villager (Male) |
| 1:30 | Crear | Villager (Male) |
| 1:47 | Construir | Lumber Camp |
| 2:08 | Crear | Villager (Male) |
| 2:08 | Crear | Villager (Male) |
| 2:08 | Crear | Villager (Male) |
| 2:34 | Crear | Villager (Male) |
| 2:34 | Crear | Villager (Male) |
| 3:09 | Crear | Villager (Male) |
| 3:09 | Crear | Villager (Male) |
| 3:23 | Crear | Villager (Male) |
| 3:23 | Crear | Villager (Male) |
| 3:42 | Crear | Villager (Male) |
| 3:42 | Crear | Villager (Male) |
| 4:17 | Construir | House |
| 4:18 | Construir | House |
| 4:56 | Crear | Villager (Male) |
| 4:57 | Crear | Villager (Male) |
| 4:57 | Crear | Villager (Male) |
| 4:57 | Crear | Villager (Male) |
| 4:58 | Crear | Villager (Male) |
| 5:14 | Construir | Mill |
| 5:21 | Crear | Villager (Male) |
| 5:21 | Crear | Villager (Male) |
| 5:53 | Crear | Villager (Male) |
| 5:53 | Crear | Villager (Male) |
| 7:15 | Crear | Villager (Male) |
| 7:15 | Crear | Villager (Male) |
| 7:32 | Construir | Farm |
| 7:37 | Crear | Villager (Male) |
| 7:38 | Crear | Villager (Male) |
| 7:58 | Construir | Farm |
| 8:25 | Construir | Farm |
| 8:59 | Construir | Mining Camp |
| 9:03 | Investigar | Feudal Age |
| 10:01 | Crear | Villager (Male) |
| 10:01 | Crear | Villager (Male) |
| 11:17 | Edad | Edad Feudal |
| 11:19 | Construir | Market |
| 11:22 | Construir | Blacksmith |
| 11:35 | Construir | Stone Wall |
| 11:36 | Construir | Stone Wall |
| 11:43 | Construir | House |
| 11:51 | Investigar | Loom |
| 11:53 | Crear | Villager (Male) |
| 12:20 | Investigar | Castle Age |
| 12:40 | Construir | Stone Wall |
| 12:52 | Investigar | Double-Bit Axe |
| 12:55 | Investigar | Horse Collar |
| 13:04 | Construir | Stone Wall |
| 13:13 | Construir | Stone Wall |
| 13:17 | Crear | Villager (Male) |
| 13:52 | Construir | Stone Wall |
| 14:37 | Construir | Outpost |
| 15:21 | Edad | Edad de los Castillos |
| 15:23 | Construir | Castle |
| 15:37 | Construir | Siege Workshop |
| 15:41 | Crear | Villager (Male) |
| 16:03 | Construir | Mining Camp |
| 16:07 | Crear | Villager (Male) |
| 16:19 | Crear | Villager (Male) |
| 16:39 | Crear | Petard |
| 16:40 | Crear | Petard |
| 17:04 | Construir | Farm |
| 17:36 | Construir | Gate |
| 17:39 | Crear | Hussite Wagon |
| 17:44 | Crear | Villager (Male) |
| 18:06 | Crear | Villager (Male) |
| 18:20 | Crear | Hussite Wagon |
| 19:07 | Crear | Villager (Male) |
| 20:45 | Crear | Petard |
| 20:45 | Crear | Petard |
| 20:51 | Construir | Castle |
| 21:01 | Crear | Villager (Male) |
| 21:01 | Crear | Villager (Male) |
| 21:09 | Crear | Mangonel |
| 21:45 | Construir | Farm |
| 21:47 | Crear | Villager (Male) |
| 21:47 | Crear | Villager (Male) |
| 21:58 | Construir | Mining Camp |
| 22:08 | Construir | Mining Camp |
| 22:15 | Crear | Hussite Wagon |
| 22:18 | Crear | Hussite Wagon |
| 22:36 | Crear | Hussite Wagon |
| 23:06 | Crear | Hussite Wagon |
| 23:11 | Crear | Villager (Male) |
| 23:13 | Crear | Villager (Male) |
| 23:24 | Crear | Villager (Male) |
| 23:24 | Crear | Villager (Male) |
| 24:06 | Crear | Hussite Wagon |
| 24:07 | Crear | Villager (Male) |
| 24:15 | Crear | Villager (Male) |
| 24:22 | Construir | Farm |
| 24:24 | Construir | Farm |
| 24:27 | Construir | Farm |
| 24:35 | Construir | Lumber Camp |
| 24:57 | Crear | Villager (Male) |
| 25:21 | Construir | University |
| 25:28 | Investigar | Imperial Age |
| 25:39 | Crear | Hussite Wagon |
| 26:03 | Construir | Siege Workshop |
| 26:10 | Crear | Villager (Male) |
| 26:25 | Investigar | Chemistry |
| 26:40 | Construir | Barracks |
| 27:01 | Crear | Villager (Male) |
| 27:23 | Construir | Archery Range |
| 27:32 | Crear | Villager (Male) |
| 27:46 | Construir | Town Center |
| 27:58 | Crear | Villager (Male) |
| 28:16 | Construir | Archery Range |
| 28:38 | Edad | Edad Imperial |
| 28:50 | Crear | Trebuchet (Packed) |
| 29:18 | Crear | Bombard Cannon |
| 29:23 | Crear | Villager (Male) |
| 29:24 | Crear | Villager (Male) |
| 30:02 | Crear | Bombard Cannon |
| 30:25 | Crear | Hand Cannoneer |
| 30:25 | Crear | Hand Cannoneer |
| 30:39 | Crear | Hand Cannoneer |
| 30:39 | Crear | Hand Cannoneer |
| 31:04 | Crear | Villager (Male) |
| 31:20 | Construir | Mining Camp |
| 31:23 | Crear | Hand Cannoneer |
| 31:23 | Crear | Hand Cannoneer |
| 31:42 | Crear | Hand Cannoneer |
| 31:42 | Crear | Hand Cannoneer |
| 32:16 | Crear | Hand Cannoneer |
| 32:16 | Crear | Hand Cannoneer |
| 32:34 | Crear | Hand Cannoneer |
| 32:34 | Crear | Hand Cannoneer |
| 32:45 | Construir | House |
| 32:46 | Construir | House |
| 32:46 | Construir | House |
| 32:46 | Construir | House |
| 32:46 | Construir | House |
| 32:51 | Crear | Villager (Male) |
| 33:20 | Crear | Hand Cannoneer |
| 33:20 | Crear | Hand Cannoneer |
| 33:43 | Construir | Archery Range |
| 33:48 | Crear | Hand Cannoneer |
| 33:48 | Crear | Hand Cannoneer |
| 34:19 | Crear | Bombard Cannon |
| 34:28 | Crear | Hand Cannoneer |
| 34:28 | Crear | Hand Cannoneer |
Build order — Teutonio
Primeras 150 de 743 acciones detectadas
| 0:01 | Crear | Villager (Male) |
| 0:02 | Construir | House |
| 0:04 | Construir | House |
| 0:10 | Crear | Villager (Male) |
| 0:11 | Crear | Villager (Male) |
| 0:34 | Crear | Villager (Male) |
| 0:34 | Crear | Villager (Male) |
| 1:16 | Construir | Palisade Gate |
| 1:19 | Construir | Palisade Gate |
| 1:25 | Construir | Palisade Gate |
| 1:30 | Crear | Villager (Male) |
| 1:31 | Crear | Villager (Male) |
| 1:36 | Construir | Palisade Wall |
| 2:00 | Crear | Villager (Male) |
| 2:00 | Crear | Villager (Male) |
| 2:18 | Crear | Villager (Male) |
| 2:19 | Crear | Villager (Male) |
| 2:30 | Crear | Villager (Male) |
| 2:31 | Crear | Villager (Male) |
| 3:22 | Crear | Villager (Male) |
| 3:22 | Crear | Villager (Male) |
| 3:29 | Crear | Villager (Male) |
| 3:30 | Crear | Villager (Male) |
| 3:55 | Construir | House |
| 3:57 | Construir | House |
| 4:14 | Crear | Villager (Male) |
| 4:36 | Crear | Villager (Male) |
| 4:36 | Crear | Villager (Male) |
| 4:42 | Crear | Villager (Male) |
| 4:47 | Construir | Mill |
| 5:11 | Crear | Villager (Male) |
| 5:11 | Crear | Villager (Male) |
| 5:26 | Construir | Mule Cart |
| 5:32 | Crear | Villager (Male) |
| 5:49 | Crear | Villager (Male) |
| 6:24 | Crear | Villager (Male) |
| 6:51 | Crear | Villager (Male) |
| 6:55 | Crear | Villager (Male) |
| 7:26 | Crear | Villager (Male) |
| 7:33 | Construir | Farm |
| 8:08 | Investigar | Feudal Age |
| 8:09 | Investigar | Feudal Age |
| 9:22 | Construir | Farm |
| 9:52 | Crear | Villager (Male) |
| 9:52 | Crear | Villager (Male) |
| 10:03 | Construir | Farm |
| 10:20 | Construir | Market |
| 10:23 | Construir | Blacksmith |
| 11:03 | Construir | Farm |
| 11:25 | Investigar | Castle Age |
| 11:33 | Construir | House |
| 12:10 | Investigar | Double-Bit Axe |
| 12:10 | Investigar | Double-Bit Axe |
| 13:06 | Investigar | Horse Collar |
| 13:09 | Construir | Farm |
| 13:12 | Construir | Farm |
| 13:19 | Construir | House |
| 13:42 | Crear | Villager (Male) |
| 14:10 | Construir | Monastery |
| 14:16 | Investigar | Bow Saw |
| 14:31 | Crear | Villager (Male) |
| 14:48 | Crear | Warrior Priest |
| 14:48 | Crear | Warrior Priest |
| 14:51 | Construir | House |
| 14:55 | Construir | Town Center |
| 15:20 | Crear | Warrior Priest |
| 15:20 | Crear | Villager (Male) |
| 15:23 | Construir | Farm |
| 15:24 | Construir | Farm |
| 15:34 | Crear | Villager (Male) |
| 15:38 | Construir | Farm |
| 15:42 | Crear | Villager (Male) |
| 16:09 | Crear | Villager (Male) |
| 16:12 | Construir | Farm |
| 16:14 | Crear | Villager (Male) |
| 16:21 | Crear | Villager (Male) |
| 16:24 | Construir | Farm |
| 16:26 | Construir | Farm |
| 16:30 | Construir | Farm |
| 16:33 | Crear | Villager (Male) |
| 16:33 | Crear | Villager (Male) |
| 16:40 | Crear | Warrior Priest |
| 16:49 | Crear | Villager (Male) |
| 17:03 | Construir | Farm |
| 17:03 | Crear | Villager (Male) |
| 17:04 | Crear | Villager (Male) |
| 17:15 | Construir | Farm |
| 17:16 | Crear | Villager (Male) |
| 17:16 | Crear | Villager (Male) |
| 17:22 | Crear | Villager (Male) |
| 17:22 | Crear | Villager (Male) |
| 17:23 | Crear | Villager (Male) |
| 17:28 | Construir | Town Center |
| 17:35 | Construir | Farm |
| 17:40 | Construir | Farm |
| 17:43 | Crear | Villager (Male) |
| 17:44 | Crear | Villager (Male) |
| 18:03 | Crear | Villager (Male) |
| 18:03 | Crear | Villager (Male) |
| 18:09 | Construir | Farm |
| 18:13 | Construir | Farm |
| 18:16 | Crear | Villager (Male) |
| 18:16 | Crear | Villager (Male) |
| 18:23 | Construir | House |
| 18:23 | Construir | House |
| 18:24 | Crear | Villager (Male) |
| 18:25 | Crear | Villager (Male) |
| 18:33 | Construir | Farm |
| 18:34 | Construir | Farm |
| 18:37 | Crear | Villager (Male) |
| 18:37 | Crear | Villager (Male) |
| 18:47 | Construir | Farm |
| 18:47 | Construir | Farm |
| 18:49 | Crear | Villager (Male) |
| 18:49 | Crear | Villager (Male) |
| 18:52 | Crear | Villager (Male) |
| 18:52 | Crear | Villager (Male) |
| 18:53 | Crear | Villager (Male) |
| 18:55 | Crear | Villager (Male) |
| 18:55 | Crear | Villager (Male) |
| 19:08 | Crear | Villager (Male) |
| 19:23 | Crear | Villager (Male) |
| 19:24 | Crear | Villager (Male) |
| 19:31 | Crear | Villager (Male) |
| 19:31 | Crear | Villager (Male) |
| 19:39 | Construir | Town Center |
| 19:43 | Construir | Farm |
| 19:44 | Crear | Villager (Male) |
| 19:44 | Crear | Villager (Male) |
| 19:48 | Crear | Villager (Male) |
| 19:52 | Crear | Villager (Male) |
| 19:56 | Construir | Farm |
| 20:00 | Construir | Farm |
| 20:04 | Crear | Villager (Male) |
| 20:11 | Crear | Villager (Male) |
| 20:11 | Crear | Villager (Male) |
| 20:21 | Crear | Villager (Male) |
| 20:25 | Construir | Farm |
| 20:26 | Crear | Villager (Male) |
| 20:26 | Crear | Villager (Male) |
| 20:28 | Crear | Villager (Male) |
| 20:34 | Construir | Farm |
| 20:35 | Construir | Farm |
| 20:39 | Crear | Villager (Male) |
| 20:39 | Crear | Villager (Male) |
| 20:50 | Crear | Villager (Male) |
| 20:50 | Crear | Villager (Male) |
| 20:53 | Construir | Siege Workshop |
| 20:57 | Crear | Villager (Male) |
| 20:58 | Crear | Villager (Male) |
Cronología de la partida
| 1:36 | Teutonio · wall_segment Palisade Wall x1 |
| 1:42 | CesarFight · wall_segment Palisade Wall x1 |
| 1:43 | CesarFight · wall_segment Palisade Wall x1 |
| 1:55 | CesarFight · wall_segment Palisade Wall x1 |
| 2:01 | CesarFight · wall_segment Palisade Wall x1 |
| 2:03 | CesarFight · wall_segment Palisade Wall x1 |
| 2:06 | CesarFight · wall_segment Palisade Wall x1 |
| 2:08 | CesarFight · wall_segment Palisade Wall x1 |
| 2:11 | CesarFight · wall_segment Palisade Wall x1 |
| 2:13 | CesarFight · wall_segment Palisade Wall x1 |
| 2:17 | CesarFight · wall_segment Palisade Wall x1 |
| 2:21 | CesarFight · wall_segment Palisade Wall x1 |
| 2:21 | CesarFight · wall_segment Palisade Wall x1 |
| 2:25 | CesarFight · wall_segment Palisade Wall x1 |
| 2:27 | CesarFight · wall_segment Palisade Wall x1 |
| 2:28 | CesarFight · wall_segment Palisade Wall x1 |
| 2:30 | CesarFight · wall_segment Palisade Wall x1 |
| 2:34 | CesarFight · wall_segment Palisade Wall x1 |
| 2:43 | CesarFight · wall_segment Palisade Wall x1 |
| 2:43 | CesarFight · wall_segment Palisade Wall x1 |
| 2:44 | CesarFight · wall_segment Palisade Wall x1 |
| 3:10 | Angus McFife · wall_segment Palisade Wall x1 |
| 3:12 | Angus McFife · wall_segment Palisade Wall x1 |
| 3:14 | Angus McFife · wall_segment Palisade Wall x1 |
| 3:16 | Angus McFife · wall_segment Palisade Wall x1 |
| 3:18 | Angus McFife · wall_segment Palisade Wall x1 |
| 3:21 | Angus McFife · wall_segment Palisade Wall x1 |
| 3:26 | Angus McFife · wall_segment Palisade Wall x1 |
| 3:29 | Angus McFife · wall_segment Palisade Wall x1 |
| 4:01 | Jan the Hakker · wall_segment Palisade Wall x1 |
| 4:05 | Jan the Hakker · wall_segment Palisade Wall x1 |
| 4:06 | Jan the Hakker · wall_segment Palisade Wall x1 |
| 4:09 | Jan the Hakker · wall_segment Palisade Wall x1 |
| 4:13 | Jan the Hakker · wall_segment Palisade Wall x1 |
| 4:16 | Jan the Hakker · wall_segment Palisade Wall x1 |
| 4:17 | Angus McFife · wall_segment Palisade Wall x1 |
| 4:21 | Jan the Hakker · wall_segment Palisade Wall x1 |
| 4:23 | Jan the Hakker · wall_segment Palisade Wall x1 |
| 4:28 | Angus McFife · wall_segment Palisade Wall x1 |
| 4:30 | Angus McFife · wall_segment Palisade Wall x1 |
| 4:32 | Angus McFife · wall_segment Palisade Wall x1 |
| 4:34 | Angus McFife · wall_segment Palisade Wall x1 |
| 4:36 | Angus McFife · wall_segment Palisade Wall x1 |
| 4:38 | Angus McFife · wall_segment Palisade Wall x1 |
| 8:26 | OS+ | Loki · age_up feudal |
| 8:40 | CesarFight · wall_segment Palisade Wall x7 |
| 8:42 | CesarFight · wall_segment Palisade Wall x1 |
| 8:44 | CesarFight · wall_segment Palisade Wall x4 |
| 8:50 | CesarFight · wall_segment Palisade Wall x3 |
| 8:55 | CesarFight · wall_segment Palisade Wall x1 |
| 8:58 | CesarFight · wall_segment Palisade Wall x4 |
| 9:28 | Duka · age_up feudal |
| 9:34 | CesarFight · wall_segment Palisade Wall x1 |
| 10:06 | CesarFight · wall_segment Palisade Wall x1 |
| 10:08 | CesarFight · wall_segment Palisade Wall x4 |
| 10:09 | CesarFight · wall_segment Palisade Wall x1 |
| 10:14 | CesarFight · wall_segment Palisade Wall x6 |
| 10:31 | CesarFight · age_up feudal |
| 10:38 | CesarFight · wall_segment Palisade Wall x1 |
| 10:50 | CesarFight · wall_segment Palisade Wall x1 |
| 10:50 | CesarFight · wall_segment Palisade Wall x1 |
| 10:54 | CesarFight · wall_segment Palisade Wall x1 |
| 11:04 | Jan the Hakker · age_up feudal |
| 11:13 | Duka · first_market_buy 100 food |
| 11:17 | Rumpel the Idle · age_up feudal |
| 11:21 | Angus McFife · age_up feudal |
| 11:21 | El Libertador Don Jose · age_up feudal |
| 11:25 | CesarFight · wall_segment Palisade Wall x1 |
| 11:32 | Duka · first_market_sell 100 wood |
| 11:35 | Rumpel the Idle · wall_segment Stone Wall x8 |
| 11:36 | Rumpel the Idle · wall_segment Stone Wall x7 |
| 11:37 | CesarFight · wall_segment Palisade Wall x3 |
| 11:54 | CesarFight · wall_segment Palisade Wall x1 |
| 12:17 | Rumpel the Idle · first_market_sell 100 food |
| 12:40 | Rumpel the Idle · wall_segment Stone Wall x3 |
| 12:56 | El Libertador Don Jose · first_building Barracks |
| 13:03 | CesarFight · first_market_buy 100 food |
| 13:03 | CesarFight · first_market_sell 100 stone |
| 13:04 | Rumpel the Idle · wall_segment Stone Wall x4 |
| 13:13 | Rumpel the Idle · wall_segment Stone Wall x3 |
| 13:52 | Rumpel the Idle · wall_segment Stone Wall x2 |
| 13:57 | El Libertador Don Jose · first_building Stable |
| 14:10 | Teutonio · first_building Monastery |
| 14:40 | Jan the Hakker · age_up castle |
| 14:54 | Angus McFife · age_up castle |
| 14:55 | Duka · age_up castle |
| 15:03 | El Libertador Don Jose · age_up castle |
| 15:06 | El Libertador Don Jose · first_building Siege Workshop |
| 15:13 | Angus McFife · first_building Siege Workshop |
| 15:17 | El Libertador Don Jose · wall_segment Palisade Wall x1 |
| 15:19 | El Libertador Don Jose · wall_segment Palisade Wall x1 |
| 15:21 | Rumpel the Idle · age_up castle |
| 15:21 | El Libertador Don Jose · wall_segment Palisade Wall x1 |
| 15:23 | Rumpel the Idle · first_building Castle |
| 15:37 | Rumpel the Idle · first_building Siege Workshop |
| 15:43 | Jan the Hakker · first_building Siege Workshop |
| 15:48 | CesarFight · age_up castle |
| 15:58 | Rumpel the Idle · first_market_buy 100 wood |
| 16:08 | Angus McFife · first_building Monastery |
| 16:11 | CesarFight · wall_segment Stone Wall x1 |
| 17:03 | CesarFight · first_building Castle |
| 17:16 | Jan the Hakker · first_market_buy 100 food |
| 17:21 | Teutonio · first_market_buy 100 wood |
| 17:32 | El Libertador Don Jose · first_market_buy 100 food |
| 18:45 | CesarFight · wall_segment Stone Wall x1 |
| 19:06 | OS+ | Loki · wall_segment Stone Wall x1 |
| 19:12 | Jan the Hakker · first_building Barracks |
| 20:15 | Jan the Hakker · first_building Archery Range |
| 20:53 | Teutonio · first_building Siege Workshop |
| 21:00 | OS+ | Loki · wall_segment Stone Wall x1 |
| 22:00 | OS+ | Loki · wall_segment Stone Wall x1 |
| 22:03 | OS+ | Loki · wall_segment Stone Wall x1 |
| 22:12 | Jan the Hakker · first_market_sell 100 wood |
| 22:23 | OS+ | Loki · age_up castle |
| 22:26 | OS+ | Loki · first_building Monastery |
| 22:44 | CesarFight · first_building Monastery |
| 23:51 | Angus McFife · first_building Castle |
| 23:52 | OS+ | Loki · wall_segment Stone Wall x1 |
| 23:56 | OS+ | Loki · wall_segment Stone Wall x1 |
| 24:01 | OS+ | Loki · wall_segment Stone Wall x1 |
| 24:39 | Angus McFife · first_market_buy 100 food |
| 24:44 | Duka · first_building Monastery |
| 24:48 | Teutonio · first_building Castle |
| 24:48 | Angus McFife · tribute_sent a jugador 1 |
| 24:48 | Angus McFife · tribute_sent a jugador 2 |
| 24:48 | Angus McFife · tribute_sent a jugador 3 |
| 24:48 | Angus McFife · tribute_sent a jugador 5 |
| 24:48 | Angus McFife · tribute_sent a jugador 6 |
| 24:48 | Angus McFife · tribute_sent a jugador 7 |
| 24:48 | Angus McFife · tribute_sent a jugador 8 |
| 24:56 | Teutonio · first_market_sell 500 wood |
| 25:21 | Angus McFife · tribute_sent a jugador 1 |
| 25:21 | Angus McFife · tribute_sent a jugador 2 |
| 25:21 | Angus McFife · tribute_sent a jugador 3 |
| 25:21 | Angus McFife · tribute_sent a jugador 5 |
| 25:21 | Angus McFife · tribute_sent a jugador 6 |
| 25:21 | Angus McFife · tribute_sent a jugador 7 |
| 25:21 | Angus McFife · tribute_sent a jugador 8 |
| 25:46 | Angus McFife · first_building Barracks |
| 26:02 | Teutonio · first_building Barracks |
| 26:29 | Duka · first_building Barracks |
| 26:39 | Angus McFife · first_building Stable |
| 26:40 | Rumpel the Idle · first_building Barracks |
| 27:11 | Duka · first_building Siege Workshop |
| 27:23 | Rumpel the Idle · first_building Archery Range |
| 27:49 | Duka · first_building Stable |
| 28:11 | Angus McFife · first_market_sell 500 food |
| 28:17 | Duka · first_building Castle |
| 28:34 | OS+ | Loki · first_market_sell 100 wood |
| 28:38 | Rumpel the Idle · age_up imperial |
| 29:28 | Duka · age_up imperial |
| 31:07 | Angus McFife · first_building Archery Range |
| 32:04 | Angus McFife · age_up imperial |
| 32:31 | CesarFight · first_building Barracks |
| 34:34 | El Libertador Don Jose · first_building Castle |
| 34:39 | CesarFight · first_building Siege Workshop |
| 35:07 | CesarFight · first_building Stable |
| 35:36 | El Libertador Don Jose · first_building Archery Range |
| 35:39 | Jan the Hakker · first_building Monastery |
| 36:34 | Teutonio · first_building Archery Range |
| 37:16 | CesarFight · age_up imperial |
| 37:27 | Jan the Hakker · first_building Stable |
| 37:42 | El Libertador Don Jose · first_market_sell 100 stone |
| 38:40 | El Libertador Don Jose · age_up imperial |
| 39:05 | Jan the Hakker · age_up imperial |
| 39:29 | Angus McFife · tribute_sent a jugador 1 |
| 39:29 | Angus McFife · tribute_sent a jugador 2 |
| 39:29 | Angus McFife · tribute_sent a jugador 3 |
| 39:29 | Angus McFife · tribute_sent a jugador 5 |
| 39:29 | Angus McFife · tribute_sent a jugador 6 |
| 39:29 | Angus McFife · tribute_sent a jugador 7 |
| 39:29 | Angus McFife · tribute_sent a jugador 8 |
| 40:14 | Duka · tribute_sent a jugador 1 |
| 40:14 | Duka · tribute_sent a jugador 2 |
| 40:14 | Duka · tribute_sent a jugador 3 |
| 40:14 | Duka · tribute_sent a jugador 4 |
| 40:14 | Duka · tribute_sent a jugador 6 |
| 40:14 | Duka · tribute_sent a jugador 7 |
| 40:14 | Duka · tribute_sent a jugador 8 |
| 40:29 | Angus McFife · tribute_sent a jugador 1 |
| 40:29 | Angus McFife · tribute_sent a jugador 2 |
| 40:29 | Angus McFife · tribute_sent a jugador 3 |
| 40:29 | Angus McFife · tribute_sent a jugador 5 |
| 40:29 | Angus McFife · tribute_sent a jugador 6 |
| 40:29 | Angus McFife · tribute_sent a jugador 7 |
| 40:29 | Angus McFife · tribute_sent a jugador 8 |
| 41:10 | Jan the Hakker · first_building Castle |
| 42:20 | OS+ | Loki · first_building Castle |
| 43:28 | Angus McFife · tribute_sent a jugador 1 |
| 43:28 | Angus McFife · tribute_sent a jugador 2 |
| 43:28 | Angus McFife · tribute_sent a jugador 3 |
| 43:28 | Angus McFife · tribute_sent a jugador 5 |
| 43:28 | Angus McFife · tribute_sent a jugador 6 |
| 43:28 | Angus McFife · tribute_sent a jugador 7 |
| 43:28 | Angus McFife · tribute_sent a jugador 8 |
| 44:22 | OS+ | Loki · age_up imperial |
| 44:26 | Rumpel the Idle · wall_segment Stone Wall x1 |
| 44:43 | Rumpel the Idle · wall_segment Stone Wall x4 |
| 44:51 | Rumpel the Idle · wall_segment Stone Wall x5 |
| 45:07 | Angus McFife · tribute_sent a jugador 1 |
| 45:07 | Angus McFife · tribute_sent a jugador 2 |
| 45:07 | Angus McFife · tribute_sent a jugador 3 |
| 45:07 | Angus McFife · tribute_sent a jugador 5 |
| 45:07 | Angus McFife · tribute_sent a jugador 6 |
| 45:07 | Angus McFife · tribute_sent a jugador 7 |
| 45:07 | Angus McFife · tribute_sent a jugador 8 |
| 45:30 | OS+ | Loki · first_building Barracks |
| 46:03 | Rumpel the Idle · wall_segment Stone Wall x1 |
| 49:01 | Angus McFife · tribute_sent a jugador 1 |
| 49:01 | Angus McFife · tribute_sent a jugador 2 |
| 49:01 | Angus McFife · tribute_sent a jugador 3 |
| 49:01 | Angus McFife · tribute_sent a jugador 5 |
| 49:01 | Angus McFife · tribute_sent a jugador 6 |
| 49:01 | Angus McFife · tribute_sent a jugador 7 |
| 49:01 | Angus McFife · tribute_sent a jugador 8 |
| 50:15 | Angus McFife · tribute_sent a jugador 1 |
| 50:15 | Angus McFife · tribute_sent a jugador 2 |
| 50:15 | Angus McFife · tribute_sent a jugador 3 |
| 50:15 | Angus McFife · tribute_sent a jugador 5 |
| 50:15 | Angus McFife · tribute_sent a jugador 6 |
| 50:15 | Angus McFife · tribute_sent a jugador 7 |
| 50:15 | Angus McFife · tribute_sent a jugador 8 |
| 50:26 | OS+ | Loki · resign |
[ ANÁLISIS IA · 1 CRÉDITO ]
¿Qué pasó realmente en esta partida?
Wolo.gg analiza cada decisión: build order, eco, micro, errores típicos por bracket. Análisis personalizado por WhatsApp o Discord en 30 segundos.
Guía civ
Teutones
Perfil
Jugador #705897